| TOP OF THE 1ST |
|
Tijuana Toros batting - Pitching for Madison Brewers : LHP Bill Kovac
|
|
Pitching: LHP Bill Kovac
|
|
|
Batting: RHB Guillermo Puente
|
0-0: Foul Ball, location: 2F 0-1: Ball 1-1: Ball 2-1: Swinging Strike 2-2: Strikes out swinging
|
|
Batting: RHB Jerry Afghani
|
0-0: Foul Ball, location: 2F 0-1: Swinging Strike 0-2: Strikes out looking
|
|
Batting: RHB Tan-ming Kwan
|
0-0: SINGLE (Line Drive, 9S, EV 105.0 MPH)
|
|
Batting: RHB John Hanson
|
0-0: Foul Ball, location: 2F 0-1: Called Strike 0-2: Strikes out swinging
|
| Top of the 1st over - 0 runs, 1 hit, 0 errors, 1 left on base; Tijuana 0 - Madison 0 |
| BOTTOM OF THE 1ST |
|
Madison Brewers batting - Pitching for Tijuana Toros : RHP Ricky Mendoza
|
|
Pitching: RHP Ricky Mendoza
|
|
|
Batting: RHB Ben Follett
|
0-0: Foul Ball, location: 2F 0-1: SINGLE (Line Drive, 89S, EV 93.1 MPH)
|
|
Batting: RHB Troy Morin
|
0-0: Called Strike 0-1: SINGLE (Line Drive, 8LS, EV 99.4 MPH) Ben Follett to second Runner from 2nd tries for 3rd, SAFE, throw by CF made to third
|
|
Batting: LHB Danny Roberts
|
0-0: Ball Troy Morin is caught stealing 2nd base 2-6 1-0: Swinging Strike 1-1: Ball 2-1: Swinging Strike 2-2: Ball 3-2: Foul Ball, location: 2F 3-2: Foul Ball, location: 2F 3-2: Foul Ball, location: 2F 3-2: Strikes out swinging
|
|
Batting: RHB Cory Taylor
|
0-0: Ball 1-0: Ground out 6-3 (Groundball, 6, EV 84.4 MPH)
|
| Bottom of the 1st over - 0 runs, 2 hits, 0 errors, 1 left on base; Tijuana 0 - Madison 0 |
| TOP OF THE 2ND |
|
Tijuana Toros batting - Pitching for Madison Brewers : LHP Bill Kovac
|
|
Batting: RHB Guo Kwok
|
0-0: DOUBLE (Line Drive, 7LM, EV 93.8 MPH)
|
|
Batting: SHB Luis Diaz
|
0-0: Ball 1-0: Swinging Strike 1-1: Called Strike 1-2: Ball 2-2: Foul Ball, location: 2F 2-2: Strikes out looking
|
|
Batting: RHB Tony Vasquez
|
Balk! Guo Kwok to third 0-0: Swinging Strike 0-1: Ball 1-1: Called Strike 1-2: Strikes out swinging
|
|
Batting: RHB Jesus Herrera
|
0-0: Swinging Strike 0-1: Ball 1-1: Swinging Strike 1-2: Ball 2-2: Ball 3-2: Ground out 5-3 (Groundball, 56, EV 80.0 MPH)
|
| Top of the 2nd over - 0 runs, 1 hit, 0 errors, 1 left on base; Tijuana 0 - Madison 0 |
| BOTTOM OF THE 2ND |
|
Madison Brewers batting - Pitching for Tijuana Toros : RHP Ricky Mendoza
|
|
Batting: RHB Dave Guevara
|
0-0: SOLO HOME RUN (Flyball, 7LD, EV 95.0 MPH), Distance : 352 ft
|
|
Batting: RHB Patrick Foote
|
0-0: Ball 1-0: Foul Ball, location: 2F 1-1: Foul Ball, location: 2F 1-2: Ball 2-2: Ground out 6-3 (Groundball, 6, EV 90.0 MPH)
|
|
Batting: RHB Noah Peek
|
0-0: Fly out, F7 (Flyball, 7S, EV 95.0 MPH)
|
|
Batting: LHB Bill Kovac
|
0-0: Foul Ball, location: 2F 0-1: SINGLE (Popup, 5D, EV 55.6 MPH)
|
|
Batting: LHB Andy Underwood
|
0-0: Called Strike 0-1: Swinging Strike 0-2: Strikes out looking
|
| Bottom of the 2nd over - 1 run, 2 hits, 0 errors, 1 left on base; Tijuana 0 - Madison 1 |
| TOP OF THE 3RD |
|
Tijuana Toros batting - Pitching for Madison Brewers : LHP Bill Kovac
|
|
Batting: LHB Gerardo Arriaga
|
0-0: Called Strike 0-1: Ground out 6-3 (Groundball, 6, EV 93.8 MPH)
|
|
Batting: RHB Guillermo Puente
|
0-0: Ball 1-0: Foul Ball, location: 2F 1-1: Called Strike 1-2: Foul Ball, location: 2F 1-2: Foul Ball, location: 2F 1-2: Strikes out looking
|
|
Batting: RHB Jerry Afghani
|
0-0: Called Strike 0-1: SINGLE (Line Drive, 9S, EV 89.4 MPH)
|
|
Batting: RHB Tan-ming Kwan
|
0-0: Called Strike 0-1: Ball 1-1: Foul Ball, location: 2F 1-2: Ball 2-2: Strikes out swinging
|
| Top of the 3rd over - 0 runs, 1 hit, 0 errors, 1 left on base; Tijuana 0 - Madison 1 |
| BOTTOM OF THE 3RD |
|
Madison Brewers batting - Pitching for Tijuana Toros : RHP Ricky Mendoza
|
|
Batting: RHB Ben Follett
|
0-0: Ball 1-0: Called Strike 1-1: Ball 2-1: Ball 3-1: Swinging Strike 3-2: Base on Balls
|
|
Batting: RHB Troy Morin
|
0-0: Called Strike 0-1: Ball Ben Follett is caught stealing 2nd base 2-4 1-1: Ground out 6-3 (Groundball, 6, EV 97.5 MPH)
|
|
Batting: LHB Danny Roberts
|
0-0: Ball 1-0: Ball 2-0: SINGLE (Line Drive, 7LM, EV 108.8 MPH)
|
|
Batting: RHB Cory Taylor
|
0-0: Ball 1-0: Foul Ball, location: 2F 1-1: Fly out, F8 (Flyball, 8RD, EV 100.0 MPH)
|
| Bottom of the 3rd over - 0 runs, 1 hit, 0 errors, 1 left on base; Tijuana 0 - Madison 1 |
| TOP OF THE 4TH |
|
Tijuana Toros batting - Pitching for Madison Brewers : LHP Bill Kovac
|
|
Batting: RHB John Hanson
|
0-0: Ball 1-0: SINGLE (Groundball, P, EV 85.0 MPH) (infield hit)
|
|
Batting: RHB Guo Kwok
|
0-0: Called Strike 0-1: Ball 1-1: Called Strike 1-2: Strikes out swinging
|
|
Batting: SHB Luis Diaz
|
0-0: Ball 1-0: Swinging Strike 1-1: Ball 2-1: Ball 3-1: Base on Balls John Hanson to second
|
|
Batting: RHB Tony Vasquez
|
0-0: Grounds into double play, 6-4-3 (Groundball, 6, EV 79.4 MPH)
|
| Top of the 4th over - 0 runs, 1 hit, 0 errors, 1 left on base; Tijuana 0 - Madison 1 |
| BOTTOM OF THE 4TH |
|
Madison Brewers batting - Pitching for Tijuana Toros : RHP Ricky Mendoza
|
|
Batting: RHB Dave Guevara
|
0-0: Fly out, F7 (Flyball, 78M, EV 91.2 MPH)
|
|
Batting: RHB Patrick Foote
|
0-0: Called Strike 0-1: Ground out 6-3 (Groundball, 6, EV 88.8 MPH)
|
|
Batting: RHB Noah Peek
|
0-0: Called Strike 0-1: Foul Ball, location: 2F 0-2: Ball 1-2: Ball 2-2: Strikes out swinging
|
| Bottom of the 4th over - 0 runs, 0 hits, 0 errors, 0 left on base; Tijuana 0 - Madison 1 |
| TOP OF THE 5TH |
|
Tijuana Toros batting - Pitching for Madison Brewers : LHP Bill Kovac
|
|
Batting: RHB Jesus Herrera
|
0-0: Foul Ball, location: 2F 0-1: Ball 1-1: SINGLE (Line Drive, 34D, EV 99.4 MPH)
|
|
Batting: LHB Gerardo Arriaga
|
0-0: Called Strike 0-1: Called Strike 0-2: Strikes out swinging
|
|
Batting: RHB Guillermo Puente
|
0-0: Ball 1-0: Called Strike 1-1: Called Strike 1-2: Fielders Choice at 2nd, 6-4 (Groundball, 6, EV 103.8 MPH)
|
|
Batting: RHB Jerry Afghani
|
0-0: Called Strike 0-1: Ball 1-1: Ball 2-1: Foul Ball, location: 2F 2-2: Foul Ball, location: 2F 2-2: Ball 3-2: Base on Balls Guillermo Puente to second
|
|
Batting: RHB Tan-ming Kwan
|
0-0: Ball 1-0: Foul Ball, location: 2F 1-1: Foul Ball, location: 2F 1-2: Fly out, F9 (Line Drive, 9, EV 90.0 MPH)
|
| Top of the 5th over - 0 runs, 1 hit, 0 errors, 2 left on base; Tijuana 0 - Madison 1 |
| BOTTOM OF THE 5TH |
|
Madison Brewers batting - Pitching for Tijuana Toros : RHP Ricky Mendoza
|
|
Batting: LHB Bill Kovac
|
0-0: Ball 1-0: Ball 2-0: Called Strike 2-1: Ball 3-1: Ground out 6-3 (Groundball, 6, EV 106.9 MPH)
|
|
Batting: LHB Andy Underwood
|
0-0: SOLO HOME RUN (Line Drive, 7LD, EV 96.9 MPH), Distance : 341 ft
|
|
Batting: RHB Ben Follett
|
0-0: Ball 1-0: Called Strike 1-1: Ball 2-1: Foul Ball, location: 2F 2-2: Foul Ball, location: 2F 2-2: Ball 3-2: DOUBLE (Line Drive, 78D, EV 113.8 MPH)
|
|
Batting: RHB Troy Morin
|
0-0: Foul Ball, location: 2F 0-1: Ball 1-1: Ball 2-1: Ball 3-1: Swinging Strike 3-2: Base on Balls
|
|
Batting: LHB Danny Roberts
|
0-0: Foul Ball, location: 2F 0-1: Called Strike 0-2: Ball 1-2: Ball 2-2: Ball 3-2: Grounds into double play, 4-6-3 (Groundball, 4, EV 102.5 MPH)
|
| Bottom of the 5th over - 1 run, 2 hits, 0 errors, 1 left on base; Tijuana 0 - Madison 2 |
| TOP OF THE 6TH |
|
Tijuana Toros batting - Pitching for Madison Brewers : LHP Bill Kovac
|
|
Batting: RHB John Hanson
|
0-0: Called Strike 0-1: Ball 1-1: Foul Ball, location: 2F 1-2: SOLO HOME RUN (Flyball, 78XD, EV 106.2 MPH), Distance : 418 ft
|
|
Batting: RHB Guo Kwok
|
0-0: Ball 1-0: Ball 2-0: Ball 3-0: Called Strike 3-1: Foul Ball, location: 2F 3-2: Strikes out swinging
|
|
Batting: SHB Luis Diaz
|
0-0: Ground out 6-3 (Groundball, P, EV 85.6 MPH)
|
|
Batting: RHB Tony Vasquez
|
0-0: Called Strike 0-1: SINGLE (Flyball, 9LS, EV 95.6 MPH)
|
|
Batting: RHB Jesus Herrera
|
0-0: Ball 1-0: Foul Ball, location: 2F 1-1: Swinging Strike 1-2: Ball 2-2: Strikes out looking
|
| Top of the 6th over - 1 run, 2 hits, 0 errors, 1 left on base; Tijuana 1 - Madison 2 |
| BOTTOM OF THE 6TH |
|
Madison Brewers batting - Pitching for Tijuana Toros : RHP Ricky Mendoza
|
|
Batting: RHB Cory Taylor
|
0-0: SINGLE (Flyball, 4D, EV 91.9 MPH)
|
|
Batting: RHB Dave Guevara
|
0-0: Ball 1-0: Foul Ball, location: 2F 1-1: Foul Ball, location: 2F 1-2: SINGLE (Groundball, 4D, EV 95.6 MPH) Cory Taylor to second
|
|
Pitching: RHP Bob Whitfield
|
|
|
Batting: RHB Patrick Foote
|
0-0: Fielders Choice at 2nd, 6-4 (Groundball, 6, EV 105.6 MPH) Cory Taylor to third
|
|
Batting: RHB Noah Peek
|
0-0: Ball 1-0: Ball 2-0: Ball 3-0: Called Strike 3-1: Grounds into double play, 4-6-3 (Groundball, 4, EV 94.4 MPH)
|
| Bottom of the 6th over - 0 runs, 2 hits, 0 errors, 1 left on base; Tijuana 1 - Madison 2 |
| TOP OF THE 7TH |
|
Tijuana Toros batting - Pitching for Madison Brewers : LHP Bill Kovac
|
|
Pitching: LHP Dale Troutman
|
|
|
Batting: LHB Gerardo Arriaga
|
0-0: Ball 1-0: Ball 2-0: SOLO HOME RUN (Flyball, 9LD, EV 97.5 MPH), Distance : 348 ft
|
|
Batting: RHB Guillermo Puente
|
0-0: Foul Ball, location: 2F 0-1: Ball 1-1: Ball 2-1: Ball 3-1: Called Strike 3-2: SINGLE (Line Drive, 89S, EV 106.2 MPH)
|
|
Batting: RHB Jerry Afghani
|
0-0: Ball 1-0: Called Strike 1-1: Grounds into double play, 2-4-3 (Groundball, 2L, EV 70.6 MPH)
|
|
Batting: RHB Tan-ming Kwan
|
0-0: Foul Ball, location: 2F 0-1: Ball 1-1: Called Strike 1-2: Foul Ball, location: 2F 1-2: Strikes out swinging
|
| Top of the 7th over - 1 run, 2 hits, 0 errors, 0 left on base; Tijuana 2 - Madison 2 |
| BOTTOM OF THE 7TH |
|
Madison Brewers batting - Pitching for Tijuana Toros : RHP Bob Whitfield
|
|
Batting: LHB Bill Kovac
|
0-0: Called Strike 0-1: Foul Ball, location: 2F 0-2: SOLO HOME RUN (Flyball, 9D, EV 99.4 MPH), Distance : 401 ft
|
|
Batting: LHB Andy Underwood
|
0-0: Ball 1-0: Called Strike 1-1: Ball 2-1: Ball 3-1: Swinging Strike 3-2: Fly out, F8 (Flyball, 89D, EV 98.8 MPH)
|
|
Batting: RHB Ben Follett
|
0-0: Called Strike 0-1: Ball 1-1: Swinging Strike 1-2: Foul Ball, location: 2F 1-2: Ball 2-2: Strikes out swinging
|
|
Batting: RHB Troy Morin
|
0-0: Ground out U3 (Groundball, 13, EV 81.9 MPH)
|
| Bottom of the 7th over - 1 run, 1 hit, 0 errors, 0 left on base; Tijuana 2 - Madison 3 |
| TOP OF THE 8TH |
|
Tijuana Toros batting - Pitching for Madison Brewers : LHP Dale Troutman
|
|
Batting: RHB John Hanson
|
0-0: Called Strike 0-1: Called Strike 0-2: Ball 1-2: Foul Ball, location: 2F 1-2: Ground out 6-3 (Groundball, 6D, EV 107.5 MPH)
|
|
Batting: RHB Guo Kwok
|
0-0: Ball 1-0: Ball 2-0: Called Strike 2-1: Called Strike 2-2: Ball 3-2: Strikes out swinging
|
|
Batting: SHB Luis Diaz
|
0-0: Ball 1-0: Foul Ball, location: 2F 1-1: Foul Ball, location: 2F 1-2: Ball 2-2: Ball 3-2: Ground out 6-3 (Groundball, 6, EV 99.4 MPH)
|
| Top of the 8th over - 0 runs, 0 hits, 0 errors, 0 left on base; Tijuana 2 - Madison 3 |
| BOTTOM OF THE 8TH |
|
Madison Brewers batting - Pitching for Tijuana Toros : RHP Bob Whitfield
|
|
Batting: LHB Danny Roberts
|
0-0: Called Strike 0-1: Ball 1-1: Foul Ball, location: 2F 1-2: Ball 2-2: Fly out, F7 (Flyball, 7, EV 89.4 MPH)
|
|
Batting: RHB Cory Taylor
|
0-0: Ground out 6-3 (Groundball, 6MD, EV 84.4 MPH)
|
|
Batting: RHB Dave Guevara
|
0-0: Called Strike 0-1: SINGLE (Groundball, 5D, EV 103.1 MPH)
|
|
Batting: RHB Patrick Foote
|
0-0: Ball 1-0: Ball 2-0: Called Strike 2-1: SINGLE (Line Drive, 56D, EV 97.5 MPH) Dave Guevara to second Runner from 2nd tries for 3rd, SAFE, throw by LF made to third
|
|
Pitching: RHP Jimmy Hitchcock
|
|
|
Pinch Hitting: LHB Jackson Wither
|
0-0: Called Strike 0-1: Ground out U3 (Groundball, 3, EV 94.4 MPH)
|
| Bottom of the 8th over - 0 runs, 2 hits, 0 errors, 2 left on base; Tijuana 2 - Madison 3 |
| TOP OF THE 9TH |
|
Tijuana Toros batting - Pitching for Madison Brewers : LHP Dale Troutman
|
|
Now at 3B: Tony Coyt
|
|
|
Now in RF: Rick Acevedo
|
|
|
Batting: RHB Tony Vasquez
|
0-0: Called Strike 0-1: Ground out 6-3 (Groundball, 56, EV 90.0 MPH)
|
|
Pinch Hitting: RHB Jaylen North
|
0-0: Foul Ball, location: 2F 0-1: Swinging Strike 0-2: Ball 1-2: Ball 2-2: Strikes out swinging
|
|
Pinch Hitting: RHB Djoka Subasic
|
0-0: Foul Ball, location: 2F 0-1: Called Strike 0-2: SINGLE (Flyball, 89XD, EV 93.8 MPH)
|
|
Batting: RHB Guillermo Puente
|
0-0: Ball 1-0: Called Strike 1-1: Foul Ball, location: 2F 1-2: SINGLE (Groundball, 56D, EV 95.0 MPH) Djoka Subasic to second
|
|
Pitching: LHP Matt Rhinehart
|
|
|
Batting: RHB Jerry Afghani
|
0-0: Ball 1-0: Swinging Strike 1-1: Foul Ball, location: 2F 1-2: Strikes out swinging
|
| Top of the 9th over - 0 runs, 2 hits, 0 errors, 2 left on base; Tijuana 2 - Madison 3 |
|